 Dungeon Crawl Stone Soup version 0.28.0-49-g6dfe1f597d (webtiles) character file.

Game seed: 3612010840199215854

39 GigaChad the Shield-Bearer (level 3, -1/17 (33) HPs)
             Began as a Minotaur Fighter on May 11, 2022.
             Slain by a kobold
             ... wielding a +2 short sword of draining
              (3 damage)
             ... on level 2 of the Dungeon.
             The game lasted 00:02:04 (968 turns).

GigaChad the Shield-Bearer (Minotaur Fighter)        Turns: 968, Time: 00:02:04

HP:   -1/17 (33)    AC:  7    Str: 22    XL:     3   Next: 26%
MP:   2/2           EV:  9    Int:  5    God:
Gold: 92            SH:  4    Dex:  9    Spells: 2/2 levels left

rFire   . . .      SeeInvis .   a - +0 long sword
rCold   . . .      Faith    .   c - +0 buckler
rNeg    . . .      Spirit   .   b - +0 scale mail
rPois   .          Reflect  .   (helmet restricted)
rElec   .          Harm     .   (no cloak)
rCorr   .          Rampage  .   (no gloves)
Will    .....                   (no boots)
Stlth   ..........              (no amulet)
HPRegen 0.05/turn               (no ring)
MPRegen 0.08/turn               (no ring)

@: very heavily drained
A: horns 2, retaliatory headbutt
a: no special abilities


You were on level 2 of the Dungeon.
You visited 1 branch of the dungeon, and saw 2 of its levels.

You collected 92 gold pieces.

Inventory:

Hand Weapons
 a - a +0 long sword (weapon)
 f - a +0 spear of venom
Armour
 b - a +0 scale mail (worn)
 c - a +0 buckler (worn)
Scrolls
 h - a scroll of vulnerability {unknown}
Potions
 d - a potion of might
 e - 2 potions of curing {unknown}
 g - a potion of mutation {unknown}


   Skills:
 + Level 4.1 Fighting
 + Level 3.0 Long Blades
 + Level 4.0 Armour
 + Level 0.2 Dodging
 + Level 4.2 Shields


You had 2 spell levels left.
You didn't know any spells.
Your spell library was empty.

Dungeon Overview and Level Annotations

Branches:
Dungeon (2/15)

Altars:


Innate Abilities, Weirdness & Mutations

You have a pair of horns on your head.
You reflexively headbutt those who attack you in melee.


Message History

You kill the goblin!
Your Long Blades skill increases to level 3!
Things that are here:
a +0 club; a goblin corpse You now have 79 gold pieces (gained 12).
Things that are here:
a +0 club; a goblin corpse
Found a mace.
Found 13 gold pieces.
Found a scroll labelled FIXZEDDOMOE and 10 gold pieces.
You now have 92 gold pieces (gained 13).
A kobold comes into view.
It is wielding a +2 short sword of draining.
The kobold drinks a potion.
The kobold flickers and vanishes!
Deactivating autopickup; reactivate with Ctrl-A.
Found a spear.
You see here a scroll labelled FIXZEDDOMOE.
You see here a scroll labelled FIXZEDDOMOE.
h - a scroll labelled FIXZEDDOMOE You barely miss something.
Your headbutt misses something. Something hits you but does no damage.
You feel drained.
You closely miss something. Your headbutt misses something.
Something hits you but does no damage.
You feel drained. Something hits you.
You feel drained.
You closely miss something. Your headbutt misses something. Something hits you.
You feel drained.
You closely miss something. Something hits you but does no damage.
You feel drained.
You closely miss something. Something hits you.
You feel drained.
You barely miss something. Something hits you.
You feel drained. Something hits you but does no damage.
You feel drained.
You closely miss something. Something hits you but does no damage.
You feel drained.
You miss something. Your headbutt misses something.
Something hits you but does no damage.
You feel drained.
You hit something. Something hits you.
You feel drained.
You barely miss something. Your headbutt misses something. Something hits you.
You feel drained. Something hits you!
* * * LOW HITPOINT WARNING * * *
You feel drained.
You die...

#.....###.#.##..#
#########.#.##..#
#........#
#.##..#..# # #.
#..#..# .. #.
#.....#.# #.
#..#........
#.##..#.##.....
#....@{........
#####.####..$..
#.# .... #.# ...
#.# #.# #.# .).


There were no monsters in sight!

Vanquished Creatures
  2 dart slugs
  3 ball pythons (D:1)
  6 bats (D:1)
  An endoplasm (D:1)
  2 giant cockroaches
  5 goblins
  3 hobgoblins (D:1)
  3 kobolds (D:1)
  A quokka (D:1)
  3 frilled lizards (D:1)
  4 rats (D:1)
33 creatures vanquished.

Notes
Turn   | Place    | Note
-------+----------+-------------------------------------------
     0 | D:1      | GigaChad the Minotaur Fighter began the quest for the Orb.
     0 | D:1      | Reached XP level 1. HP: 19/19 MP: 0/0
   192 | D:1      | Reached XP level 2. HP: 25/27 MP: 1/1
   410 | D:1      | Reached XP level 3. HP: 19/33 MP: 2/2
   968 | D:2      | Slain by a kobold

Illustrated notes

Levels and vault maps discovered:
D:1:      psy_arrival_basics, layout_basic, chequers_serial_rivers_large_a
D:2:      layout_loops_cross, minivault_27, chequers_jeans, uniq_natasha

Skill      XL: |  1  2  3 |
---------------+----------+-----
Shields        | 4 |  4.2
Fighting       | 4 |  4.1
Armour         | 4 |  4.0
Long Blades    | 3 |  3.0
Dodging        | |  0.2

Action                   || total
-------------------------++-------
Melee: Long sword        ||    63
       Headbutt          ||     6
Armor: Scale mail        ||    45
Dodge: Dodged            ||    25
Block: Buckler           ||    23
